[Event "Titled Tuesday Blitz August 09 Early 2022"]
[White "Seo, Jung Min"]
[Black "Korchmar, Vasiliy"]
[WhiteFideId "1734687"]
[BlackFideId "24131750"]
[WhiteElo "2414"]
[BlackElo "2370"]
[Result "0-1"]
[Round "06"]
[TimeControl "180+1"]
[Date "2022.08.09"]
[WhiteClock "0:00:55"]
[BlackClock "0:01:40"]

1. e4 c5 2. Nf3 d6 3. Bb5+ Nd7 4. a4 Nf6 5. Nc3 g6 6. a5 Bg7 7. O-O O-O 8. Re1 Ng4 9. d3 Nge5 10. Nxe5 Nxe5 11. f4 Nc6 12. a6 Qb6 13. axb7 Bxb7 14. Bc4 e6 15. Kh1 Nd4 16. Na4 Qc7 17. c3 Nc6 18. Rb1 Rad8 19. b4 cxb4 20. cxb4 d5 21. exd5 exd5 22. Ba2 Ba8 23. Bd2 h5 24. f5 Kh7 25. Nc3 Ne5 26. Nb5 Qb8 27. Nc3 Ng4 28. g3 Nf2+ 0-1


[Site "https://www.chess.com"]

[Event "Titled Tuesday Blitz August 09 Early 2022"]
[White "Shapiro, Daniel"]
[Black "Jorquera, Marcelo"]
[WhiteFideId "2001780"]
[BlackFideId "3401197"]
[WhiteElo "2244"]
[BlackElo "2136"]
[Result "1-0"]
[Round "06"]
[TimeControl "180+1"]
[Date "2022.08.09"]
[WhiteClock "0:00:45"]
[BlackClock "0:00:06"]

1. d4 Nf6 2. c4 g6 3. Nc3 Bg7 4. e4 d6 5. Be2 O-O 6. Nf3 e5 7. O-O exd4 8. Nxd4 Re8 9. f3 c6 10. Kh1 Nbd7 11. Bg5 Qb6 12. Nb3 a5 13. Qd2 a4 14. Be3 Qd8 15. Nc1 a3 16. b3 Qa5 17. Nd3 Ne5 18. Rac1 Nfd7 19. Nf2 Nc5 20. Qxd6 Ne6 21. Qd2 Rd8 22. Qc2 Nd4 23. Qb1 Nxe2 24. Nxe2 Be6 25. h3 Rd7 26. f4 Rad8 27. fxe5 Bxe5 28. Rfd1 Kg7 29. Rxd7 Rxd7 30. Rd1 h5 31. Rxd7 Bxd7 32. Bd4 Bxd4 33. Nxd4 Qe5 34. Qd3 Kh7 35. Nd1 Qf4 36. Kg1 Qc1 37. Kf2 c5 38. Qc2 Qa1 39. Ne2 Bc6 40. Nec3 Kh6 41. Qb1 Qxb1 42. Nxb1 Bxe4 43. Nxa3 f5 44. Nc3 Bc6 45. Nab5 g5 46. Na4 f4 47. Nxc5 g4 48. hxg4 hxg4 49. Nd4 g3+ 50. Kg1 Kg5 51. Nce6+ Kg4 52. Nxc6 bxc6 53. a4 f3 54. gxf3+ Kxf3 55. a5 Ke4 56. a6 Kd3 57. a7 Kc3 58. a8=Q Kxb3 59. Qxc6 Kc3 60. Qf3+ Kb4 61. Qxg3 Kxc4 62. Kf2 Kd5 63. Ke3 1-0


[Site "https://www.chess.com"]

[Event "Titled Tuesday Blitz August 09 Early 2022"]
[White "Shuvalov, Evgenij"]
[Black "Madaminov, Mukhiddin"]
[WhiteFideId "4187237"]
[BlackFideId "14210703"]
[WhiteElo "2058"]
[BlackElo "2011"]
[Result "0-1"]
[Round "06"]
[TimeControl "180+1"]
[Date "2022.08.09"]
[WhiteClock "0:01:45"]
[BlackClock "0:01:15"]

1. Nf3 Nf6 2. c4 g6 3. Nc3 Bg7 4. e4 d6 5. d4 O-O 6. Be2 c5 7. O-O cxd4 8. Nxd4 Nc6 9. Be3 Bd7 10. Qd2 Rc8 11. Rfc1 Ne5 12. b3 Neg4 13. Bg5 Qa5 14. Nd5 Qxd2 15. Nxe7+ Kh8 16. Bxd2 Nxe4 17. Be3 Nexf2 18. Nxc8 Nxe3 19. Kxf2 Bxd4 20. Nxd6 Nxc4+ 21. Kf1 Nxd6 22. Rd1 Bxa1 23. Rxd6 Bc6 24. Bf3 Be5 25. Rd2 Bxf3 26. gxf3 Kg7 27. Kg2 Rc8 0-1


[Site "https://www.chess.com"]

[Event "Titled Tuesday Blitz August 09 Early 2022"]
[White "Shuvalova, Polina"]
[Black "Gil Alba, Hector Luis"]
[WhiteFideId "24171760"]
[BlackFideId "3504670"]
[WhiteElo "2330"]
[BlackElo "2331"]
[Result "1-0"]
[Round "06"]
[TimeControl "180+1"]
[Date "2022.08.09"]
[WhiteClock "0:00:05"]
[BlackClock "0:00:01"]

1. Nf3 Nf6 2. c4 g6 3. b3 Bg7 4. Bb2 O-O 5. g3 c5 6. Bg2 Nc6 7. O-O e6 8. d3 d5 9. cxd5 exd5 10. Nbd2 d4 11. Rc1 Qe7 12. Re1 Nd5 13. Qc2 b6 14. a3 Bb7 15. Nf1 Nc3 16. e3 Qd7 17. N3d2 Rfe8 18. Bxc3 dxc3 19. Ne4 Ne5 20. Red1 Rad8 21. Nxc3 Bxg2 22. Kxg2 Nxd3 23. f3 b5 24. Ne4 Rxe4 25. fxe4 Qg4 26. Kg1 Qxe4 27. Qg2 Qe8 28. Rc2 Qe6 29. Qe2 Qxb3 30. Rxc5 Bf8 31. Rc2 Rd7 32. Rcd2 Ne5 33. Rxd7 Nxd7 34. Rxd7 a5 35. Qf3 Bxa3 36. Qd5 Qxd5 37. Rxd5 b4 38. Rxa5 1-0


[Site "https://www.chess.com"]

[Event "Titled Tuesday Blitz August 09 Early 2022"]
[White "Skliarov, Viktor"]
[Black "Devaev, Alexander"]
[WhiteFideId "14106736"]
[BlackFideId "4169395"]
[WhiteElo "2257"]
[BlackElo "2185"]
[Result "1-0"]
[Round "06"]
[TimeControl "180+1"]
[Date "2022.08.09"]
[WhiteClock "0:00:17"]
[BlackClock "0:00:01"]

1. e4 c6 2. d4 d5 3. e5 Bf5 4. Nf3 e6 5. Be2 Nd7 6. O-O h6 7. a4 a5 8. Na3 Ne7 9. Ne1 Bg6 10. f4 h5 11. g3 Nf5 12. c3 Be7 13. Nd3 Qc7 14. Kg2 Qb6 15. Nc2 c5 16. dxc5 Nxc5 17. Nxc5 Bxc5 18. Bb5+ Ke7 19. b4 axb4 20. cxb4 Be3 21. Nxe3 Nxe3+ 22. Bxe3 Qxe3 23. Qc1 Qe4+ 24. Kg1 Rhc8 25. Qe1 Qd4+ 26. Rf2 Rc3 27. Qd2 Qxb4 28. Rc1 Rac8 29. Rxc3 Rxc3 30. f5 Qb1+ 31. Rf1 Qc2 32. Qg5+ f6 33. exf6+ gxf6 34. Qxg6 Re3 35. fxe6 Rxe6 36. Qg7+ Kd6 37. Qf8+ Re7 38. Qxf6+ Re6 39. Qf4+ Ke7 40. Rc1 1-0


[Site "https://www.chess.com"]

[Event "Titled Tuesday Blitz August 09 Early 2022"]
[White "Slugin, Sergey"]
[Black "Drygalov, Sergey"]
[WhiteFideId "4122569"]
[BlackFideId "24171743"]
[WhiteElo "2645"]
[BlackElo "2826"]
[Result "0-1"]
[Round "06"]
[TimeControl "180+1"]
[Date "2022.08.09"]
[WhiteClock "0:00:04"]
[BlackClock "0:00:12"]

1. c4 e5 2. Nc3 Nf6 3. Nf3 Nc6 4. e4 Bb4 5. d3 d6 6. a3 Bc5 7. b4 Bb6 8. Be3 O-O 9. Be2 Nd4 10. Na4 Nxf3+ 11. Bxf3 Bxe3 12. fxe3 c6 13. O-O a5 14. Qd2 b5 15. cxb5 cxb5 16. Nc3 Bd7 17. d4 Qb6 18. Be2 Bc6 19. Qd3 Rfe8 20. d5 Bd7 21. Kh1 h6 22. Rfb1 a4 23. Rc1 Rec8 24. Nd1 Rc7 25. Nf2 Rac8 26. Qd2 g6 27. Bd3 Kg7 28. Kg1 h5 29. Kf1 h4 30. h3 Nh5 31. Ke1 Ng3 32. Rxc7 Qxc7 33. Nd1 f5 34. exf5 gxf5 35. Ra2 Qb7 36. Bf1 Ne4 37. Qd3 Rc1 38. Rc2 Rxc2 39. Qxc2 Qxd5 40. Bd3 Ng3 41. Nc3 Qc6 42. Bxb5 Qb6 43. Bxd7 Qxe3+ 44. Ne2 Ne4 45. Kd1 Qf2 46. Qd3 Qxg2 47. Kc2 Qf1 48. Bb5 Qa1 49. Qe3 Qa2+ 50. Kc1 Qa1+ 51. Kc2 Qa2+ 52. Kd1 Qb1+ 53. Qc1 Qb3+ 54. Qc2 Qxh3 55. Qc7+ Kh6 56. Qd8 Qb3+ 57. Ke1 Qb1+ 58. Nc1 Qxc1+ 59. Ke2 Qd2+ 60. Kf3 Qf2# 0-1


[Site "https://www.chess.com"]

[Event "Titled Tuesday Blitz August 09 Early 2022"]
[White "Sokolovsky, Yahli"]
[Black "Perez Rodriguez, Jennifer"]
[WhiteFideId "2820242"]
[BlackFideId "3507831"]
[WhiteElo "1867"]
[BlackElo "2170"]
[Result "1-0"]
[Round "06"]
[TimeControl "180+1"]
[Date "2022.08.09"]
[WhiteClock "0:00:06"]
[BlackClock "0:00:15"]

1. b3 e5 2. Bb2 Nc6 3. e3 f5 4. Nf3 d6 5. d4 e4 6. Nfd2 Nf6 7. c4 d5 8. Nc3 Ne7 9. cxd5 Nexd5 10. Nc4 Bb4 11. Qd2 O-O 12. Ne5 Be6 13. Bc4 c6 14. a3 Bd6 15. Nxd5 cxd5 16. Be2 Rc8 17. O-O Nd7 18. f4 exf3 19. Bxf3 Qb6 20. b4 Nf6 21. Rac1 Ne4 22. Bxe4 fxe4 23. Rxf8+ Rxf8 24. Qe2 Qd8 25. Rf1 Qg5 26. Rxf8+ Bxf8 27. Qf2 g6 28. Qf4 Qh5 29. g4 Qh4 30. Bc3 Bh6 31. Qf2 Qg5 32. Bd2 Bg7 33. h3 h5 34. h4 Qe7 35. g5 Bf5 36. Qf4 Bf8 37. Kf2 a5 38. Ke2 Kg7 39. bxa5 Qxa3 40. Qf2 Qa4 41. Qe1 Qb5+ 42. Kf2 Bd6 43. Qc1 Qe8 44. Qc3 Bc8 45. Qb2 Qe6 46. Qb6 Qf5+ 47. Ke1 Be7 48. Qc7 Kf8 49. Kd1 Qe6 50. Nxg6+ Qxg6 51. Qxc8+ Kf7 52. Qxb7 Qf5 53. a6 Qf1+ 54. Kc2 Qd3+ 55. Kc1 Qf1+ 56. Kb2 Qd3 57. Bc3 Qe2+ 58. Kc1 Ke6 59. Qc6+ Kf7 60. Qxd5+ Kf8 61. Qxe4 Ba3+ 62. Kb1 Qd1+ 63. Ka2 Qa4 64. Qa8+ Kg7 65. Qb7+ Be7+ 66. Kb2 Kf7 67. Qb3+ Qxb3+ 68. Kxb3 Bd6 69. a7 1-0


[Site "https://www.chess.com"]

[Event "Titled Tuesday Blitz August 09 Early 2022"]
[White "Sychev, Klementy"]
[Black "Siva Mahadevan"]
[WhiteFideId "4114060"]
[BlackFideId "25043153"]
[WhiteElo "2622"]
[BlackElo "2772"]
[Result "1-0"]
[Round "06"]
[TimeControl "180+1"]
[Date "2022.08.09"]
[WhiteClock "0:00:04"]
[BlackClock "0:00:02"]

1. d4 Nf6 2. c4 g6 3. g3 Bg7 4. Bg2 O-O 5. Nc3 d6 6. Nf3 Nbd7 7. O-O e5 8. e4 c6 9. h3 Qa5 10. Re1 exd4 11. Nxd4 Ne5 12. Bf1 Qb6 13. Nc2 Be6 14. Be3 Qc7 15. b3 Qa5 16. Bd2 Qb6 17. Na4 Qc7 18. f4 Ned7 19. Nc3 Rad8 20. Ne3 Nc5 21. Qc2 Rfe8 22. Bg2 Nh5 23. Kh2 g5 24. Rf1 gxf4 25. gxf4 d5 26. exd5 Nxf4 27. Kh1 Nxg2 28. Kxg2 Qd7 29. Rf3 cxd5 30. cxd5 Qd6 31. Rg3 Bc8 32. Nb5 Qb6 33. Bc3 f6 34. Kh2 Ne4 35. Rxg7+ Kxg7 36. Rg1+ Kh8 37. Bd4 Qxb5 38. Qxe4 Qa6 39. Qf4 Rf8 40. Nc4 Rxd5 41. Qg3 Qxa2+ 42. Kh1 Rd7 43. Bxf6+ 1-0


[Site "https://www.chess.com"]

[Event "Titled Tuesday Blitz August 09 Early 2022"]
[White "Szpar, Milosz"]
[Black "Chigaev, Maksim"]
[WhiteFideId "1184989"]
[BlackFideId "4108116"]
[WhiteElo "2737"]
[BlackElo "2895"]
[Result "0-1"]
[Round "06"]
[TimeControl "180+1"]
[Date "2022.08.09"]
[WhiteClock "0:00:01"]
[BlackClock "0:01:46"]

1. Nf3 Nf6 2. c4 g6 3. d4 Bg7 4. Nc3 O-O 5. e4 d6 6. Be2 e5 7. Be3 Na6 8. d5 Ng4 9. Bg5 f6 10. Bc1 f5 11. h3 Nf6 12. exf5 gxf5 13. Bg5 Qe8 14. Qd2 Nc5 15. Be3 Nce4 16. Nxe4 Nxe4 17. Qc2 f4 18. Bc1 Nc5 19. Nh4 e4 20. Bg4 Qe7 21. g3 Nd3+ 22. Kd1 fxg3 23. fxg3 Nf2+ 24. Ke1 Nxh1 25. Be3 Nxg3 26. Ng2 Rf1+ 27. Kd2 Rxa1 28. Qb3 Bxg4 29. hxg4 Rf8 30. Qxb7 Rb1 31. b3 Rb2+ 32. Kc1 Rxg2 33. Qxc7 Rf1# 0-1


[Site "https://www.chess.com"]

[Event "Titled Tuesday Blitz August 09 Early 2022"]
[White "Ternault, Mathieu"]
[Black "Begunov, Konstantin"]
[WhiteFideId "20641532"]
[BlackFideId "4118510"]
[WhiteElo "2249"]
[BlackElo "2262"]
[Result "1-0"]
[Round "06"]
[TimeControl "180+1"]
[Date "2022.08.09"]
[WhiteClock "0:00:52"]
[BlackClock "0:00:01"]

1. e4 c5 2. a3 d5 3. exd5 Qxd5 4. Nc3 Qd8 5. Nf3 Nf6 6. Bb5+ Bd7 7. Qe2 e6 8. Ne5 Be7 9. g4 O-O 10. Nxd7 Nbxd7 11. Bd3 Nb6 12. g5 Nfd5 13. Qe4 g6 14. h4 Rc8 15. h5 Bxg5 16. hxg6 hxg6 17. Qe5 Bf6 18. Qh2 Re8 19. Ne4 Bg7 20. Nd6 c4 21. Be4 Nf6 22. Bg2 Nbd5 23. d3 cxd3 24. cxd3 e5 25. Nxc8 Qxc8 26. Be3 Qc2 27. O-O Ng4 28. Qg3 Ngxe3 29. fxe3 Qxd3 30. Bxd5 Qxd5 31. Rad1 Qc5 32. Qf3 f5 33. Qd5+ Qxd5 34. Rxd5 Re7 35. Rfd1 Kf7 36. Rd7 e4 37. b3 Ke6 38. R1d6+ Kf7 39. Rxe7+ Kxe7 40. Rxg6 Bb2 41. a4 Bc1 42. Kf2 Kf7 43. Rh6 f4 44. exf4 Bxf4 45. Rh7+ Ke6 46. Rxb7 Bd6 47. Ke2 a5 48. Rb5 Bc7 49. Ke3 Kd6 50. Kxe4 Kc6 51. Kd3 Bd8 52. Kc4 Be7 53. Rxa5 Kb6 54. Rb5+ Ka6 55. Rd5 Bg5 56. b4 Be3 57. Rd6+ Kb7 58. Re6 Bf4 59. a5 Ka7 60. b5 Bg5 61. Rg6 Bf4 62. Rg7+ Kb8 63. Rf7 Be5 64. Kd5 Bc3 65. Kc6 Bxa5 66. b6 Bb4 67. Rg7 1-0


[Site "https://www.chess.com"]

[Event "Titled Tuesday Blitz August 09 Early 2022"]
[White "Tica, Sven"]
[Black "Maksimovic, Bojan"]
[WhiteFideId "14526948"]
[BlackFideId "14408120"]
[WhiteElo "2635"]
[BlackElo "2807"]
[Result "0-1"]
[Round "06"]
[TimeControl "180+1"]
[Date "2022.08.09"]
[WhiteClock "0:01:54"]
[BlackClock "0:02:15"]

1. e4 e5 2. f4 exf4 3. Nf3 g5 4. Nc3 Bg7 5. d4 d6 6. g3 Nc6 7. gxf4 g4 8. d5 gxf3 9. dxc6 Qh4+ 10. Kd2 Qf2+ 11. Kd3 Qd4# 0-1


[Site "https://www.chess.com"]

[Event "Titled Tuesday Blitz August 09 Early 2022"]
[White "Uskov, Artem"]
[Black "Belov, Vladimir"]
[WhiteFideId "34254854"]
[BlackFideId "4132394"]
[WhiteElo "2583"]
[BlackElo "2792"]
[Result "0-1"]
[Round "06"]
[TimeControl "180+1"]
[Date "2022.08.09"]
[WhiteClock "0:00:03"]
[BlackClock "0:00:08"]

1. e4 c5 2. Nf3 d6 3. d4 cxd4 4. Nxd4 Nf6 5. f3 e5 6. Nb3 a5 7. Bb5+ Nbd7 8. a4 Be7 9. O-O O-O 10. Nc3 Nb6 11. Be3 Be6 12. Qe2 Qc7 13. Rfd1 d5 14. exd5 Nbxd5 15. Nxd5 Nxd5 16. Bd2 Rfd8 17. Kh1 b6 18. Rac1 h6 19. c4 Nb4 20. Bc3 Bf6 21. Bxb4 axb4 22. Nd2 Bg5 23. Ra1 f5 24. Nf1 Qc5 25. b3 Bf7 26. Ng3 g6 27. Nf1 h5 28. g3 h4 29. Kg2 Kg7 30. Rxd8 Rxd8 31. Rd1 Rd4 32. Re1 Bf6 33. Qf2 Qd6 34. Re2 Rd3 35. Rd2 Rd4 36. Re2 Bg5 37. Ne3 Rd3 38. g4 Qd4 39. Nc2 Qxf2+ 40. Kxf2 fxg4 41. fxg4 Rxb3 42. Ne1 Bf4 43. Ng2 Bxh2 44. Re3 Bg3+ 45. Kf3 Rxe3+ 46. Nxe3 b3 47. Nd1 Bf4 48. Kg2 Be6 49. Kh3 g5 50. Bc6 Kf6 51. Nb2 Bc1 52. Nd3 b2 53. Nxb2 Bxb2 54. c5 bxc5 55. a5 Bc8 56. Bb5 Bd4 57. a6 c4 58. Bxc4 Ba7 59. Bd3 Ke7 60. Be4 Kd6 61. Bf3 Kc5 62. Be4 Bxa6 63. Bf3 Kd4 64. Bg2 Ke3 65. Bd5 Kf4 66. Be6 e4 67. Bf5 e3 68. Kg2 e2 0-1


[Site "https://www.chess.com"]

[Event "Titled Tuesday Blitz August 09 Early 2022"]
[White "Vagman, Roy"]
[Black "Srihari L R"]
[WhiteFideId "2828995"]
[BlackFideId "46617116"]
[WhiteElo "1956"]
[BlackElo "2170"]
[Result "1/2-1/2"]
[Round "06"]
[TimeControl "180+1"]
[Date "2022.08.09"]
[WhiteClock "0:00:13"]
[BlackClock "0:00:26"]

1. Nf3 c5 2. c4 g6 3. Nc3 Bg7 4. g3 b6 5. Bg2 Bb7 6. O-O Nf6 7. b3 O-O 8. Bb2 Nc6 9. Ne5 Rc8 10. Nd5 Nxd5 11. Bxd5 Qc7 12. Nxc6 Bxc6 13. Bxg7 Kxg7 14. Bxc6 Qxc6 15. Qc2 d5 16. cxd5 Qxd5 17. Qc3+ Kg8 18. d3 Rfd8 19. Rac1 h5 20. h4 Rc6 21. Qc4 Qe5 22. e3 Rcd6 23. Rcd1 Qf5 24. e4 Qf3 25. Qa6 R8d7 26. Rfe1 Rxd3 27. Rxd3 Qxd3 28. Qc8+ Rd8 29. Qc7 Qd7 30. Qf4 Qd2 31. Re3 Qc1+ 32. Kg2 Rd1 33. Qb8+ Kh7 34. Qf8 Rg1+ 35. Kf3 Qd1+ 36. Re2 Qd3+ 37. Re3 Qd1+ 38. Re2 Qd4 39. Qxf7+ Qg7 40. Qxg7+ Kxg7 41. Rd2 Ra1 42. Kf4 Kf6 43. e5+ Ke6 44. Kg5 b5 45. Kxg6 Kxe5 46. Kxh5 c4 47. bxc4 bxc4 48. g4 c3 49. Re2+ Kd4 50. g5 Kd3 51. Rxe7 c2 52. Rc7 c1=Q 53. Rxc1 Rxc1 54. g6 Rg1 55. Kh6 Ke4 56. g7 Kf5 57. Kh7 Rh1 58. g8=Q Rxh4+ 59. Kg7 Rg4+ 60. Kf7 Rxg8 61. Kxg8 Kf4 62. Kf7 Kf3 63. Ke6 Kxf2 64. Kd5 Ke3 65. a4 a5 66. Kc5 Ke4 67. Kb5 Kd5 68. Kxa5 Kc6 69. Ka6 Kc7 70. Ka7 Kc8 71. a5 Kc7 72. a6 Kc8 73. Ka8 Kc7 74. Ka7 Kc8 75. Kb6 Kb8 76. a7+ Ka8 77. Ka6 1/2-1/2


[Site "https://www.chess.com"]

[Event "Titled Tuesday Blitz August 09 Early 2022"]
[White "Vakhlamov, Igor L."]
[Black "Espinosa Veloz, Ermes"]
[WhiteFideId "24126748"]
[BlackFideId "3507424"]
[WhiteElo "2401"]
[BlackElo "2333"]
[Result "0-1"]
[Round "06"]
[TimeControl "180+1"]
[Date "2022.08.09"]
[WhiteClock "0:01:44"]
[BlackClock "0:00:19"]

1. e4 e5 2. Nf3 Nc6 3. Nc3 Nf6 4. Bb5 Nd4 5. Nxd4 exd4 6. e5 dxc3 7. exf6 Qxf6 8. dxc3 Qe5+ 9. Be2 Bd6 10. g3 O-O 11. O-O Qf6 12. Bd3 Re8 13. Re1 Rxe1+ 14. Qxe1 Qe7 15. Be3 b6 16. Qf1 Bb7 17. Re1 Qf6 18. Qh3 g6 19. Bf1 Qf3 20. Bg2 Qxg2+ 21. Qxg2 Bxg2 22. Kxg2 Re8 23. Rd1 f5 24. a4 a5 25. Bxb6 Rb8 26. Bxa5 Rxb2 27. Bb4 Bxb4 28. cxb4 Rxb4 29. Re1 Rxa4 30. Re7 Rc4 31. Rxd7 Rxc2 32. Kf3 Rc4 33. h4 h6 34. Ke3 g5 35. h5 f4+ 36. Kd3 Rc5 37. Kd4 Rc1 38. gxf4 Rd1+ 39. Ke5 Rxd7 40. fxg5 hxg5 41. Ke6 Rf7 42. f4 gxf4 43. h6 f3 44. h7+ Rxh7 45. Kd5 f2 46. Kc6 f1=Q 47. Kc5 Qc1+ 48. Kd5 Rh2 49. Kd4 Rd2+ 50. Ke3 Qd1 51. Kf4 Re2 52. Kf3 Qf1+ 53. Kg3 Rg2+ 54. Kh3 Qh1# 0-1


[Site "https://www.chess.com"]

[Event "Titled Tuesday Blitz August 09 Early 2022"]
[White "Vargas, Mauricio"]
[Black "De Souza, Cristiano Gomes"]
[WhiteFideId "4404572"]
[BlackFideId "2151758"]
[WhiteElo "2004"]
[BlackElo "2068"]
[Result "0-1"]
[Round "06"]
[TimeControl "180+1"]
[Date "2022.08.09"]
[WhiteClock "0:01:50"]
[BlackClock "0:01:34"]

1. e4 c5 2. Nc3 d6 3. f4 a6 4. Nf3 Bg4 5. d3 Nc6 6. h3 Bxf3 7. Qxf3 Nd4 8. Qd1 g6 9. g4 Bg7 10. Bg2 e5 11. O-O exf4 12. Bxf4 Ne7 13. Rb1 O-O 14. Ne2 Nxe2+ 15. Qxe2 Nc6 16. c3 Qd7 17. Qe3 Rae8 18. Qd2 b5 19. Rbe1 Ne5 20. d4 Nc4 21. Qc1 cxd4 22. b3 Ne3 23. Rf3 Rxe4 24. cxd4 Rxf4 25. Rxf4 Nxg2 26. Kxg2 Bh6 27. Rxf7 Qxf7 28. Qxh6 Qf2+ 29. Kh1 Qxe1+ 30. Kg2 Qf1+ 31. Kg3 Qf2# 0-1


[Site "https://www.chess.com"]

[Event "Titled Tuesday Blitz August 09 Early 2022"]
[White "Vasques, Antonio Pedro Freixial"]
[Black "Leve, Nitai"]
[WhiteFideId "1908332"]
[BlackFideId "2006898"]
[WhiteElo "2243"]
[BlackElo "2144"]
[Result "0-1"]
[Round "06"]
[TimeControl "180+1"]
[Date "2022.08.09"]
[WhiteClock "0:00:19"]
[BlackClock "0:00:57"]

1. e4 e6 2. d4 d5 3. Nc3 Nf6 4. e5 Nfd7 5. f4 c5 6. Nf3 Nc6 7. Be3 cxd4 8. Nxd4 Bc5 9. Nce2 a6 10. Nxc6 bxc6 11. Nd4 Qb6 12. c3 Qxb2 13. Rb1 Qxc3+ 14. Kf2 Rb8 15. Rc1 Rb2+ 16. Be2 Qa3 17. Kf3 O-O 18. Qd3 Qxd3 19. Bxd3 Rxa2 20. Nxe6 Bxe3 21. Nxf8 Bxc1 22. Nxd7 Bxd7 23. Rxc1 Ra3 24. Ke3 Bf5 25. Rd1 Rxd3+ 26. Rxd3 Bxd3 27. Kxd3 c5 28. f5 Kf8 29. g4 Ke7 30. g5 g6 31. e6 gxf5 0-1


[Site "https://www.chess.com"]

[Event "Titled Tuesday Blitz August 09 Early 2022"]
[White "Vazquez Espino, Uriel"]
[Black "parintele_chess"]
[WhiteFideId "5119138"]
[WhiteElo "2376"]
[BlackElo "2219"]
[Result "1-0"]
[Round "06"]
[TimeControl "180+1"]
[Date "2022.08.09"]
[WhiteClock "0:00:24"]
[BlackClock "0:00:03"]

1. e4 c6 2. d4 d5 3. Nc3 dxe4 4. Nxe4 Nf6 5. Nxf6+ gxf6 6. Bc4 Bf5 7. Be3 e6 8. Ne2 Be7 9. Ng3 Bg6 10. f4 f5 11. Qf3 Nd7 12. O-O-O Nb6 13. Bb3 Nd5 14. c4 Nb4 15. a3 Na6 16. Bd2 Qb6 17. Ba2 c5 18. Bc3 Rg8 19. d5 O-O-O 20. Rhe1 Bh4 21. Re2 Bxg3 22. hxg3 Rge8 23. Red2 exd5 24. cxd5 Re4 25. d6 c4 26. Bb1 Nc5 27. Bc2 Nb3+ 28. Bxb3 Qxb3 29. Bf6 Re3 30. Qd5 Rd7 31. Rc2 Kb8 32. Qxc4 Qxc4 33. Rxc4 Bh5 34. Rd2 Re1+ 35. Kc2 b5 36. Rc5 a6 37. Be5 Kb7 38. Rc7+ Rxc7+ 39. dxc7 Be2 40. Rd8 Rd1 41. c8=Q+ 1-0


[Site "https://www.chess.com"]

[Event "Titled Tuesday Blitz August 09 Early 2022"]
[White "Vifleemskaia, Svetlana"]
[Black "Lakshmi C"]
[WhiteFideId "4129490"]
[BlackFideId "25035347"]
[WhiteElo "1929"]
[BlackElo "1775"]
[Result "1-0"]
[Round "06"]
[TimeControl "180+1"]
[Date "2022.08.09"]
[WhiteClock "0:01:15"]
[BlackClock "0:00:56"]

1. d4 Nf6 2. c4 e6 3. Nc3 d5 4. cxd5 exd5 5. Bg5 Be7 6. e3 O-O 7. Bd3 h6 8. Bh4 Ne4 9. Bxe7 Nxc3 10. Bxd8 Nxd1 11. Be7 Re8 12. Ba3 Nxe3 13. fxe3 Rxe3+ 14. Kd2 Re8 15. Nf3 Nc6 16. Rhe1 Bg4 17. Rxe8+ Rxe8 18. Bb5 Bxf3 19. gxf3 Re6 20. Bxc6 bxc6 21. Re1 Rf6 22. Ke3 g5 23. Bc5 a6 24. Rc1 Kh7 25. Rc3 Re6+ 26. Kf2 Kg6 27. Ra3 f5 28. Rxa6 g4 29. fxg4 fxg4 30. Ra7 h5 31. Rxc7 Kf5 32. Rf7+ Kg5 33. Bb4 h4 34. Bd2+ Kg6 35. Rf4 1-0


[Site "https://www.chess.com"]

[Event "Titled Tuesday Blitz August 09 Early 2022"]
[White "Volkov, Maksim"]
[Black "Ibarra Jerez, Jose Carlos"]
[WhiteFideId "54123070"]
[BlackFideId "2226332"]
[WhiteElo "2682"]
[BlackElo "2848"]
[Result "0-1"]
[Round "06"]
[TimeControl "180+1"]
[Date "2022.08.09"]
[WhiteClock "0:00:04"]
[BlackClock "0:00:07"]

1. d4 d5 2. c4 e6 3. Nf3 a6 4. cxd5 exd5 5. Nc3 Nf6 6. Bg5 Be6 7. e3 Nbd7 8. Bd3 Bd6 9. h3 c6 10. O-O Qc7 11. Qc2 h6 12. Bxf6 Nxf6 13. Rab1 g5 14. Bf5 Qd7 15. Bxe6 Qxe6 16. Nh2 Bxh2+ 17. Kxh2 g4 18. e4 dxe4 19. Rfe1 O-O-O 20. Nxe4 gxh3 21. Ng3 Ng4+ 22. Kg1 h2+ 23. Kh1 Qf6 24. f3 Qf4 25. Nh5 Ne3 26. Qb3 Qg5 27. Rxe3 Qxh5 28. Re7 Qb5 29. Qxf7 Rxd4 30. Rbe1 Rhd8 31. Kxh2 Kb8 32. R1e4 Rxe4 33. Rxe4 Qxb2 34. a4 Ka7 35. Qe7 Rd2 36. Rg4 Rd1 37. Rg8 Qc1 38. Kg3 Re1 39. Qf6 Qe3 40. Kh2 Qe5+ 41. Qxe5 Rxe5 42. Rh8 h5 43. f4 Re4 44. g3 Rxa4 45. Rxh5 Ra2+ 46. Kh3 a5 47. f5 Rf2 48. Kg4 a4 49. Kg5 a3 50. Rh1 b5 51. f6 b4 52. Kg6 a2 53. f7 b3 54. Kg7 b2 0-1


[Site "https://www.chess.com"]

[Event "Titled Tuesday Blitz August 09 Early 2022"]
[White "Weetik, Vjacheslav"]
[Black "Navarrete Mendez, Gonzalo Alberto"]
[WhiteFideId "4153472"]
[BlackFideId "5106850"]
[WhiteElo "2469"]
[BlackElo "2261"]
[Result "1-0"]
[Round "06"]
[TimeControl "180+1"]
[Date "2022.08.09"]
[WhiteClock "0:00:05"]
[BlackClock "0:00:05"]

1. d4 d5 2. c4 dxc4 3. Nf3 Nf6 4. e3 Bg4 5. Bxc4 e6 6. h3 Bh5 7. Nc3 Nc6 8. g4 Bg6 9. Nh4 Bb4 10. Nxg6 hxg6 11. Kf1 Bxc3 12. bxc3 Nd5 13. Bd2 Nb6 14. Be2 e5 15. Qb3 O-O 16. Bf3 Na5 17. Qc2 Nac4 18. Bxb7 Rb8 19. Bf3 Qf6 20. Kg2 Rfe8 21. Bc1 Qd6 22. a4 Re6 23. Rd1 a5 24. Rb1 Rbe8 25. Rb5 Qe7 26. Rc5 Rf6 27. Be2 Rd6 28. Bxc4 Nxc4 29. Rxc4 Qe6 30. Rc5 Qf6 31. Qe4 Rde6 32. d5 Rd6 33. Rxc7 Qd8 34. Rc5 f5 35. Qc4 Kh7 36. Rc6 f4 37. Rxd6 Qxd6 38. Qe4 Rf8 39. c4 f3+ 40. Kg3 Qf6 41. c5 Kh8 42. d6 g5 43. d7 Rd8 44. c6 Qh6 45. Kh2 Qxc6 46. Qxc6 1-0


[Site "https://www.chess.com"]

[Event "Titled Tuesday Blitz August 09 Early 2022"]
[White "White, John S."]
[Black "Matveeva, Olga"]
[WhiteFideId "2502348"]
[BlackFideId "24107018"]
[WhiteElo "1580"]
[BlackElo "2052"]
[Result "1-0"]
[Round "06"]
[TimeControl "180+1"]
[Date "2022.08.09"]
[WhiteClock "0:00:15"]
[BlackClock "0:00:14"]

1. e4 e6 2. d3 d5 3. Nd2 Nf6 4. Ngf3 c5 5. g3 Nc6 6. Bg2 Be7 7. O-O O-O 8. Re1 b5 9. e5 Nd7 10. Nf1 a5 11. Bf4 b4 12. h4 a4 13. a3 bxa3 14. bxa3 Rb8 15. N1h2 Ba6 16. h5 h6 17. Ng4 Re8 18. Qd2 Nd4 19. Nxd4 cxd4 20. Bxh6 gxh6 21. Qxh6 Bg5 22. Nf6+ Bxf6 23. exf6 Qxf6 24. Qd2 Rb2 25. Bxd5 Rc8 26. Bxe6 fxe6 27. Rxe6 Qxe6 28. Qg5+ Kf7 29. h6 Qf6 30. Qd5+ Qe6 31. Qxd4 Rbxc2 32. Qg7+ Ke8 33. h7 Rc1+ 34. Rxc1 Rxc1+ 35. Kh2 Bb7 36. h8=Q+ Nf8 37. Qhxf8# 1-0


[Site "https://www.chess.com"]

[Event "Titled Tuesday Blitz August 09 Early 2022"]
[White "Wieczorek, Oskar"]
[Black "Mortazavi, Ali"]
[WhiteFideId "1133950"]
[BlackFideId "401323"]
[WhiteElo "2302"]
[BlackElo "2339"]
[Result "1-0"]
[Round "06"]
[TimeControl "180+1"]
[Date "2022.08.09"]
[WhiteClock "0:00:04"]
[BlackClock "0:00:04"]

1. e4 c6 2. d4 d5 3. Nd2 dxe4 4. Nxe4 Nf6 5. Nxf6+ exf6 6. Be2 Bd6 7. Bf3 O-O 8. Ne2 Re8 9. O-O Nd7 10. c4 Nf8 11. Nc3 Ng6 12. c5 Bc7 13. d5 cxd5 14. Nxd5 Be5 15. Qb3 Be6 16. Rd1 Qc8 17. Be3 Nh4 18. Be2 Nf5 19. Rac1 Nxe3 20. fxe3 g6 21. Bf3 Kg7 22. Qb4 Rb8 23. Nf4 Qc7 24. g3 g5 25. Nxe6+ Rxe6 26. Rc2 Bxg3 27. hxg3 Qxg3+ 28. Bg2 Qxe3+ 29. Rf2 Rbe8 30. Qd4 Qg3 31. Rdf1 Kg8 32. Rxf6 Re2 33. R6f2 Rxf2 34. Qxf2 Qc7 35. Bd5 Re7 36. b4 a5 37. a3 Qe5 38. Bxf7+ Kg7 39. Bc4 Kh6 40. Qf8+ Kh5 41. Qf3+ g4 42. Qh1+ Kg5 43. Qd5 Qxd5 44. Bxd5 axb4 45. axb4 h5 46. Rd1 h4 47. b5 Kf4 48. c6 bxc6 49. bxc6 h3 50. Rd3 g3 51. Rf3+ Kg4 52. Rf1 Re2 53. Bf3+ Kf4 54. Bxe2+ Ke3 55. Rf3+ Kxe2 56. Rxg3 1-0


[Site "https://www.chess.com"]